 Dungeon Crawl Stone Soup version 0.29.1-2-gbd0b4ee654 (webtiles) character file.

Game seed: 5863042263555880248

6045 safid the Marksminotaur (level 10, -12/88 HPs)
             Began as a Minotaur Hunter on Nov 23, 2022.
             Was an Elder of Okawaru.
             Killed from afar by an orc sorcerer (25 damage)
             ... with a bolt of fire
             ... while paralysed by an orc sorcerer
             ... in a bailey.
             The game lasted 00:23:59 (10703 turns).

safid the Marksminotaur (Minotaur Hunter)          Turns: 10703, Time: 00:24:00

Health: -12/88     AC:  8    Str: 16    XL:     10   Next: 57%
Magic:  9/10       EV:  2    Int:  6    God:    Okawaru [****..]
Gold:   568        SH:  0    Dex: 24    Spells: 9/9 levels left

rFire   . . .      SeeInvis .   a - +0 shortbow
rCold   . . .      Faith    .   (shield currently unavailable)
rNeg    . . .      Spirit   .   y - +3 leather armour
rPois   +          Reflect  .   (helmet restricted)
rElec   .          Harm     .   r - +0 cloak
rCorr   .          Rampage  .   (no gloves)
Will    .....                   u - +0 pair of boots
Stlth   ++........              (no amulet)
HPRegen 0.24/turn               m - ring of poison resistance
MPRegen 0.12/turn               p - +6 ring of dexterity

@: paralysed, spiked
A: horns 2, retaliatory headbutt
a: Renounce Religion, Heroism, Finesse


You were in a bailey.
You worshipped Okawaru.
Okawaru was greatly pleased with you.
You visited 2 branches of the dungeon, and saw 9 of its levels.
You also visited: Bailey.

You collected 568 gold pieces.

Inventory:

Hand Weapons
 a - a +0 shortbow (weapon)
Missiles
 o - 2 throwing nets
Armour
 r - a +0 cloak (worn)
 u - a +0 pair of boots (worn)
 y - a +3 leather armour (worn)
Jewellery
 m - a ring of poison resistance (left hand)
 p - a +6 ring of dexterity (right hand)
 t - a ring of willpower
 B - a ring of positive energy
Wands
 q - a wand of roots (23)
 v - a wand of light (12)
Scrolls
 d - 4 scrolls of enchant armour
 e - 2 scrolls of enchant weapon
 f - a scroll of teleportation
 h - a scroll of poison
 i - 2 scrolls of amnesia
 x - 3 scrolls of blinking
Potions
 b - 3 potions of attraction {unknown}
 g - 3 potions of heal wounds
 j - 7 potions of curing {unknown}
 k - a potion of berserk rage {unknown}
 l - a potion of might {unknown}
 n - a potion of lignification {unknown}
 s - 5 potions of flight
 z - a potion of haste {unknown}
 A - a potion of resistance {unknown}


   Skills:
 - Level 8.0 Fighting
 - Level 16.0 Ranged Weapons
 + Level 1.7 Armour
 + Level 2.9 Dodging
 - Level 0.7 Stealth
 + Level 1.3 Invocations


You had 9 spell levels left.
You didn't know any spells.
Your spell library contained the following spells:

 Spells                   Type           Power      Damage    Failure   Level
 Foxfire                  Conj/Fire      0%         2x1d4     52%         1
 Magic Dart               Conj           0%         1d3       52%         1
 Slow                     Hex            0%         N/A       52%         1
 Sting                    Tmut/Pois      0%         1d3       52%         1
 Poisonous Vapours        Pois/Air       0%         N/A       67%         2
 Searing Ray              Conj           0%         2d4       67%         2
 Confusing Touch          Hex            0%         N/A       88%         3
 Conjure Flame            Conj/Fire      0%         6-21      88%         3
 Gell's Gravitas          Tloc           0%         N/A       88%         3
 Inner Flame              Hex/Fire       0%         N/A       88%         3
 Teleport Other           Tloc           0%         N/A       88%         3
 Vampiric Draining        Necr           0%         2d6       88%         3
 Flame Wave               Conj/Fire      0%         2d4       99%         4
 Fulminant Prism          Conj/Hex       0%         3d6       99%         4
 Olgreb's Toxic Radiance  Pois           0%         N/A       99%         4
 Yara's Violent Unravell  Hex/Tmut       0%         3d3       100%        5
 Dispersal                Tloc           0%         N/A       100%        6
 Enfeeble                 Hex            0%         N/A       100%        7


Dungeon Overview and Level Annotations

Branches:
Dungeon (8/15)             Temple (1/1) D:4          Bailey (1/1)
   Lair: D:8-11

Altars:
Ashenzari
Cheibriados
Elyvilon
Fedhas
Gozag
Hepliaklqana
Nemelex Xobeh
Okawaru
Qazlal
Ru
Sif Muna
Trog
Uskayaw
Vehumet
Wu Jian
Xom
Yredelemnul
Zin
The Shining One
Jiyva

Shops:
D:2 =

Annotations:
D:3 3 runed translucent doors, GigaChad's ghost, amateur MiFi; Pug's ghost, weakling OpCj
D:6 1 runed translucent door, KittyFluff's ghost, novice GrBe
Temple 2 transporters


Innate Abilities, Weirdness & Mutations

You have a pair of horns on your head.
You reflexively headbutt those who attack you in melee.


Message History

The orc sorcerer is moderately wounded.
The orc sorcerer misses you. You furiously retaliate!
You headbutt the orc sorcerer, but do no damage.
Unknown command.
Fire: a) +0 shortbow
Press: ? - help, Q - select action, (/) - cycle Shift-Dir - straight line, f/p - orc sorcerer
Aim: an orc sorcerer, wielding a +0 war axe and wearing a +0 ring mail (moderately wounded, 72% to hit)
You shoot an arrow.
The arrow completely misses the orc sorcerer.
The arrow closely misses the red devil.
The red devil hits you from afar with a +0 trident!
Barbed spikes become lodged in your body.
Fire: a) +0 shortbow
Press: ? - help, Q - select action, (/) - cycle Shift-Dir - straight line, f/p - orc sorcerer
Aim: an orc sorcerer, wielding a +0 war axe and wearing a +0 ring mail (moderately wounded, 72% to hit)
You shoot an arrow.
The arrow closely misses the orc sorcerer.
The arrow hits the red devil.
The red devil is lightly wounded.
The neqoxec gestures at you.
Something tries to feed on your intellect!
The red devil barely misses you.
Fire: a) +0 shortbow
Press: ? - help, Q - select action, (/) - cycle Shift-Dir - straight line, f/p - orc sorcerer
Aim: an orc sorcerer, wielding a +0 war axe and wearing a +0 ring mail (moderately wounded, 72% to hit)
You shoot an arrow. The arrow hits the orc sorcerer!
The orc sorcerer is almost dead.
The orc sorcerer casts a spell at you.
You suddenly lose the ability to move!
The red devil completely misses you. The orc hits you but does no damage.
The orc sorcerer hits you with a +0 war axe.
* * * LOW HITPOINT WARNING * * *
The red devil hits you from afar with a +0 trident!
* * * LOW HITPOINT WARNING * * *
Barbed spikes become lodged in your body.
The orc hits you with a +0 hand axe.
* * * LOW HITPOINT WARNING * * *
The orc sorcerer casts a spell at you. The bolt of fire hits you!!
You die... #..# ......... #.. #.8# ...o... #8. #..# .._.. #.. ##'# o.o

#'# #..# ##'## #..
≈≈≈ #..# #...# #..
≈≈≈ #..# #.o.# #..
≈≈≈~ #..# #8.8# #).
≈~.#@o# #...# #).
#'#o##+###8.8###+##'
#..43#...#...#.!!#..
#....#...#...#.:?#..
###.)######.######..
+...)3o4.∩))...)..
####4~o~~~~~~~~###
≈≈≈≈≈3≈≈≈≈≈≈≈≈≈≈≈≈
≈≈≈≈≈≈≈≈≈≈≈≈≈≈≈≈≈≈≈


You could see a neqoxec (summoned), an orc sorcerer, a red devil (summoned) and
an orc.

Vanquished Creatures
  10 yaks
  4 wyverns (D:8)
  A steam dragon (D:6)
  An acid dragon (D:7)
  4 water moccasins
  7 orc warriors (Bailey)
  2 sky beasts
  An ice beast (D:7)
  2 ogres
  3 centaurs
  A kobold brigand (D:6)
  A phantom (D:5)
  5 bullfrogs
  3 scorpions
  4 killer bees (D:8)
  2 electric eels (Bailey)
  3 howler monkeys
  6 hounds
  2 gnoll boudas
  7 jellies
  3 orc priests
  2 iguanas
  4 orc wizards
  8 adders
  17 gnolls
  A white imp (D:7)
  An ufetubus (D:4)
  2 worms
  17 orcs
  4 bats
  4 endoplasms
  8 giant cockroaches
  12 hobgoblins
  8 jackals
  14 kobolds
  A quokka (D:1)
  12 ball pythons
  3 frilled lizards
  15 goblins
  4 rats
209 creatures vanquished.

Vanquished Creatures (others)
  A fungus (D:8)
  11 plants (D:8)
12 creatures vanquished.

Grand Total: 221 creatures vanquished

Notes
Turn   | Place    | Note
-------+----------+-------------------------------------------
     0 | D:1      | safid the Minotaur Hunter began the quest for the Orb.
     0 | D:1      | Reached XP level 1. HP: 18/18 MP: 0/0
   179 | D:1      | Reached XP level 2. HP: 25/25 MP: 1/1
  1042 | D:2      | Reached skill level 5 in Ranged Weapons
  1042 | D:2      | Reached XP level 3. HP: 30/31 MP: 2/2
  1609 | D:2      | Found a faded altar of an unknown god.
  1616 | D:2      | Found Teom Bia's Jewellery Shoppe.
  2054 | D:3      | Noticed an ogre
  2060 | D:2      | Killed an ogre
  2061 | D:2      | Reached XP level 4. HP: 41/41 MP: 3/3
  2068 | D:2      | Reached XP level 5. HP: 22/47 MP: 4/4
  2365 | D:3      | Reached skill level 5 in Fighting
  2373 | D:3      | Found a runed translucent gate.
  2373 | D:3      | Found a runed translucent gate.
  2373 | D:3      | Found a runed translucent gate.
  2375 | D:3      | Noticed GigaChad's ghost (amateur MiFi)
  2375 | D:3      | Noticed Pug's ghost (weakling OpCj)
  2485 | D:3      | Reached skill level 6 in Ranged Weapons
  3269 | D:3      | Found a sacrificial altar of Ru.
  3270 | D:3      | Found a basalt altar of Yredelemnul.
  3491 | D:3      | Found a shimmering altar of Xom.
  3492 | D:3      | Found a hazy altar of Hepliaklqana.
  3492 | D:3      | Found a shimmering blue altar of Sif Muna.
  3608 | D:3      | Reached XP level 6. HP: 41/57 MP: 5/5
  3807 | D:4      | Found a blossoming altar of Fedhas.
  4049 | D:4      | Found a staircase to the Ecumenical Temple.
  4441 | D:4      | Reached skill level 7 in Ranged Weapons
  4850 | D:4      | Reached XP level 7. HP: 16/64 MP: 6/6
  5114 | Temple   | Entered the Ecumenical Temple
  5114 | Temple   | Found a transporter.
  5114 | Temple   | Found a transporter.
  5116 | Temple   | Found a transporter.
  5116 | Temple   | Found a transporter.
  5140 | Temple   | Became a worshipper of Warmaster Okawaru
  5190 | D:5      | Entered Level 5 of the Dungeon
  6216 | D:6      | Reached skill level 8 in Ranged Weapons
  6534 | D:6      | Reached XP level 8. HP: 70/74 MP: 7/7
  6594 | D:6      | Found a runed translucent door.
  6594 | D:6      | Noticed an eight-headed hydra
  6594 | D:6      | Noticed KittyFluff's ghost (novice GrBe)
  6601 | D:6      | Reached skill level 9 in Ranged Weapons
  6611 | D:6      | Found an ornate altar of the Wu Jian Council.
  6756 | D:6      | Reached * piety under Okawaru
  6789 | D:6      | Reached skill level 10 in Ranged Weapons
  8160 | D:7      | Reached skill level 11 in Ranged Weapons
  8298 | D:7      | Reached ** piety under Okawaru
  8574 | D:7      | Found a white marble altar of Elyvilon.
  8574 | D:7      | Found a glowing silver altar of Zin.
  8574 | D:7      | Found a glowing golden altar of the Shining One.
  8637 | D:7      | Reached XP level 9. HP: 72/81 MP: 8/8
  8983 | D:7      | Reached skill level 12 in Ranged Weapons
  9063 | D:7      | HP: 3/81 [yak (14)]
  9334 | D:7      | Reached skill level 13 in Ranged Weapons
  9563 | D:8      | Reached *** piety under Okawaru
  9635 | D:8      | Found a viscous altar of Jiyva.
  9660 | D:8      | Reached skill level 14 in Ranged Weapons
  9694 | D:8      | Reached XP level 10. HP: 70/88 MP: 7/9
  9699 | D:8      | Reached **** piety under Okawaru
  9720 | D:8      | Reached skill level 15 in Ranged Weapons
  9727 | D:8      | Received a gift from Okawaru
  9789 | D:8      | Found a flagged portal.
  9805 | Bailey   | Entered a bailey
 10551 | Bailey   | Reached skill level 16 in Ranged Weapons
 10560 | Bailey   | Reached skill level 1 in Armour
 10665 | Bailey   | Found an iron altar of Okawaru.
 10665 | Bailey   | Noticed an orc sorcerer
 10665 | Bailey   | Noticed an orc high priest
 10685 | Bailey   | Reached skill level 1 in Invocations
 10701 | Bailey   | Paralysed by an orc sorcerer for 3 turns
 10703 | Bailey   | Killed from afar by an orc sorcerer

Illustrated notes

Levels and vault maps discovered:
D:1:      elethiomel_arrival_quiet, layout_rooms, chequers_serial_rivers_room_b
D:2:      layout_basic, serial_shops, shop, ebering_ecumenical_altar_webs,
          serial_co_window_serial, co_window_paths_a, co_window_paths_a,
          co_window_paths_a, co_window_paths_a, co_window_paths_a,
          co_window_paths_c, co_window_corner_ca, co_window_2corner,
          co_window_of_opportunity_b, co_window_cross_2, co_window_paths_c,
          co_window_4corner_a, co_window_sun, glass_columns_a, glass_columns_a,
          glass_columns_b, glass_columns_a, glass_columns_b
D:3:      kb_forest_paths, layout_loops_corners, grunt_temple_overflow_open,
          gammafunk_ghost_cemetery
D:4:      layout_gridville, mainiacjoe_overflow_paths,
          minmay_temple_entry_overgrown
D:5:      layout_basic
D:6:      layout_layer_cave, amcnicky_altar_gilded, ebering_ghost_inner_flame
D:7:      layout_loops_cross, good_gods_mini_temple
D:8:      layout_loops_ring, minmay_lair_entry_grove, enter_bailey_5,
          jiyva_altar_1
Temple:   hellmonk_temple_divided_pantheon
Bailey:   bailey_axe_of_yendor_kennysheep, bailey

Skill      XL: |  1  2  3  4  5  6  7  8  9 10 |
---------------+-------------------------------+-----
Fighting       | 3 4 5 6 8 |  8.0
Ranged Weapons | 5 6 7 8 11 14 16 | 16.0
Armour         | 1 |  1.7
Invocations    | 1 |  1.3
Dodging        | |  2.9
Stealth        | |  0.7

Action                   |  1- 3 |  4- 6 |  7- 9 | 10-12 || total
-------------------------+-------+-------+-------+-------++-------
 Fire: Shortbow          |    95 |   145 |   375 |   188 ||   803
Invok: Heroism           |       |       |     1 |     2 ||     3
  Use: Potion            |       |     1 |     3 |     1 ||     5
       Scroll            |       |       |     7 |     3 ||    10
Armor: Leather armour    |    10 |     6 |    87 |     9 ||   112
       Scale mail        |       |    39 |       |       ||    39
Dodge: Dodged            |    27 |    58 |   121 |    46 ||   252
